 Dungeon Crawl Stone Soup version 0.24.0-13-gcf9b3192b9 (console) character file.

Game seed: 11364509913310100105, levelgen mode: deterministic

66693 AlterAsc the Brawler (level 15, -15/130 HPs)
             Began as an Octopode Transmuter on Nov 9, 2019.
             Was a High Priest of Ashenzari.
             Shot with a bolt by an orc warlord (47 damage)
             ... on level 2 of the Orcish Mines.
             The game lasted 01:30:06 (25970 turns).

AlterAsc the Brawler (Octopode Transmuter)         Turns: 25970, Time: 01:30:07

Health: -15/130    AC:  8    Str: 15    XL:     15   Next: 20%
Magic:  6/22       EV: 18    Int: 16    God:    Ashenzari [*****.]
Gold:   1729       SH:  0    Dex: 13    Spells: 7/24 levels left

rFire    x . .     SeeInvis +     - Unarmed
rCold    + + +     Gourm    .   (shield currently unavailable)
rNeg     . . .     Faith    .   (helmet currently unavailable)
rPois    +         Spirit   .   I - amulet of the acrobat (curse)
rElec    .         Reflect  .   m - +2 ring of evasion (curse)
rCorr    +         Harm     .   s - ring of wizardry (curse)
MR       +....     Clarity  +   B - ring of wizardry (curse)
Stlth    +++.......             z - ring of flight (curse)
HPRegen  0.31/turn              p - ring of resist corrosion
MPRegen  0.18/turn              (no ring)
                                (no ring)
                                (no ring)

@: ice-form
A: large, almost no armour, stealthy swim, amphibious, 8 rings, (constrict 8)
a: End Transformation, Curse Item, Scrying, Transfer Knowledge, Renounce
Religion, Evoke Flight


You were on level 2 of the Orcish Mines.
You worshipped Ashenzari.
Ashenzari was extremely pleased with you.
You were very hungry.
You were a creature of crystalline ice.
You visited 3 branches of the dungeon, and saw 20 of its levels.

You collected 1729 gold pieces.

Inventory:

Missiles
 a - 311 arrows
 j - 5 curare-tipped darts
 k - 68 poisoned darts (quivered)
 V - 31 stones
Armour
 W - a cursed +2 hat (melded)
Magical Staves
 S - an uncursed staff of poison
 Y - a cursed staff of cold (melded)
Jewellery
 m - a cursed +2 ring of evasion (left front paw)
 p - a ring of resist corrosion (on tentacle)
 s - a cursed ring of wizardry (right front paw)
 y - an uncursed amulet of rage
 z - a cursed ring of flight (on tentacle)
 B - a cursed ring of wizardry (on tentacle)
 I - a cursed amulet of the acrobat (around neck)
 L - an uncursed ring of see invisible
 R - an uncursed amulet of faith
 T - a +4 ring of dexterity
Wands
 i - a wand of flame (37)
 u - a wand of clouds (4)
 C - a wand of digging (17)
 E - a wand of polymorph (12)
 K - a wand of iceblast (11)
Scrolls
 b - 3 scrolls of enchant armour
 g - 4 scrolls of remove curse
 n - 3 scrolls of noise
 o - 5 scrolls of amnesia
 t - 3 scrolls of blinking {unknown}
 w - 2 scrolls of fog {unknown}
 x - a scroll of brand weapon {unknown}
 A - a scroll of summoning {unknown}
 F - 5 scrolls of identify
 G - a scroll of vulnerability {unknown}
 J - a scroll of holy word {unknown}
 M - 2 scrolls of enchant weapon {unknown}
 N - a scroll of acquirement {unknown}
 O - 3 scrolls of teleportation
 P - 3 scrolls of magic mapping {unknown}
Potions
 d - 6 potions of brilliance
 e - 4 potions of lignification
 f - 5 potions of agility
 h - 5 potions of flight
 l - 6 potions of curing
 q - a potion of magic {unknown}
 r - 2 potions of cancellation {unknown}
 v - 6 potions of might {unknown}
 D - 3 potions of haste
 Q - 2 potions of experience {unknown}
Miscellaneous
 H - a sack of spiders
Comestibles
 c - 33 rations


   Skills:
 + Level 12.9 Fighting
 + Level 7.0(11.1) Dodging
 - Level 3.4(7.0) Stealth
 * Level 17.5 Unarmed Combat
 - Level 5.2 Spellcasting
 - Level 0.9(2.3) Charms
 - Level 3.0(5.3) Summonings
 - Level 7.0(9.7) Transmutations
 - Level 5.8(8.5) Ice Magic
 - Level 6.0(10.0) Evocations


You had 7 spell levels left.
You knew the following spells:

 Your Spells              Type           Power        Failure   Level  Hunger
a - Beastly Appendage     Tmut           #####.       1%          1    None
b - Sticks to Snakes      Tmut           #####...     1%          2    #......
c - Spider Form           Tmut/Pois      ###.......   1%          3    ###....
d - Ice Form              Ice/Tmut       ####....     1%          4    ####...
e - Ozocubu's Armour      Chrm/Ice       ###.....     1%          3    ###....
f - Summon Ice Beast      Ice/Summ       ####....     2%          4    ####...

Your spell library contained the following spells:

 Spells                   Type           Power        Failure   Level  Hunger
 Freeze                   Ice            ####         1%          1    None
 Passwall                 Tmut/Erth      ###.....     1%          2    #......
 Throw Frost              Conj/Ice       ###...       1%          2    #......
 Blade Hands              Tmut           #####.....   2%          5    ######.
 Magic Dart               Conj           #...         3%          1    None
 Sandblast                Erth           #.....       3%          1    None
 Ignite Poison            Fire/Tmut/Pois ###.....     3%          3    ###....
 Searing Ray              Conj           #.....       5%          2    #......
 Petrify                  Tmut/Erth      ###.....     5%          4    ####...
 Throw Icicle             Conj/Ice       ###.....     7%          4    ####...
 Dazzling Spray           Conj/Hex       #.....       11%         3    ###....
 Static Discharge         Conj/Air       #.......     11%         3    ###....
 Stone Arrow              Conj/Erth      #.....       11%         3    ###....
 Metabolic Englaciation   Hex/Ice        ###.......   17%         5    ######.
 Ozocubu's Refrigeration  Ice            ####......   17%         6    #######
 Force Lance              Conj/Tloc      #.......     32%         4    ####...
 Fulminant Prism          Conj/Hex       #.........   32%         4    ####...
 Iskenderun's Mystic Bla  Conj           #.......     32%         4    ####...
 Fireball                 Conj/Fire      #.........   63%         5    ######.
 Lee's Rapid Deconstruct  Erth           #.........   63%         5    ######.
 Lightning Bolt           Conj/Air       #.........   63%         5    ######.
 Bolt of Cold             Conj/Ice       ###.......   65%         6    #######
 Simulacrum               Ice/Necr       ###.......   65%         6    #######
 Freezing Cloud           Conj/Ice/Air   ##........   82%         6    #######
 Bolt of Fire             Conj/Fire      #.........   99%         6    #######
 Ring of Flames           Chrm/Fire      #.........   100%        7    #######
 Ignition                 Fire           #.........   100%        8    #######
 Shatter                  Erth           #.........   100%        9    #######
 Tornado                  Air            #.........   100%        9    #######


Dungeon Overview and Level Annotations

Branches:
Dungeon (12/15)            Temple (0/1) D:6            Lair (6/6) D:10
  Swamp (0/4) Lair:4       Spider (0/4) Lair:4        Slime (0/5) Lair:6
    Orc (2/2) D:12            Elf (0/3) Orc:2

Altars:
Ashenzari
Cheibriados
Dithmenos
Elyvilon
Gozag
Makhleb
Nemelex Xobeh
Okawaru
Qazlal
Ru
Wu Jian
Xom
Zin
Beogh
Jiyva

Shops:
D:10 *

Annotations:
D:2 1 runed translucent door, exclusion: door, Crazy Yiuf
D:7 Prince Ribbit
D:10 2 runed translucent doors, Emblim88's ghost, journeyman SpEn
Lair:1 2 transporters, Fv001's ghost, journeyman DsFi
Lair:5 exclusion: 2 oklob plants
Lair:6 3 runed translucent doors, Linguinho's ghost, journeyman TrFi


Innate Abilities, Weirdness & Mutations

You cannot wear most types of armour.
You are very stealthy in the water. (Stealth+)
You are amphibious.
You can wear up to eight rings at the same time.
((You can use your tentacles to constrict eight enemies at once.))
((Your skin changes colour to match your surroundings (Stealth+).))
((Your rubbery body absorbs attacks. (AC +1, EV +1)))


Message History

The orc warlord unwields a +3 great mace of protection.
The orc warlord wields a +0 arbalest of flaming.
It bursts into flame!
The orc warlord shoots a bolt.
The bolt closely misses you.
The orc warrior throws a boomerang.
The boomerang hits you.
The weapon returns to the orc warrior!
The troll misses you. The troll claws you!
* * * LOW HITPOINT WARNING * * *
The troll barely misses you.
The orc warrior hits you with a +0 glaive!!
* * * LOW HITPOINT WARNING * * *
The ogre misses you.
Okay, then.
Okay, then.
You feel much better. The orc hits you with a cursed -3 mace.
* * * LOW HITPOINT WARNING * * *
The orc misses you. The troll misses you. The troll completely misses you.
The troll claws you.
* * * LOW HITPOINT WARNING * * *
The orc warlord shoots a bolt.
The bolt hits you!!!
You die...

##.......÷ ∩*
##......☼..,,,∩*
#.))).÷..÷. , *
##...#,∆, ,∆
#.[[##,∆,∆, **
#..)##*,
#..[o###*
##..o[.#######
##.OYo......#
##oTo......#
###..o....#
##(.)O..#
####O..## ##...#
* ### ######o##
**
##..###.##{o..#
,, ,,*
#....#....)[.##
*


You could see an orc warlord, a troll, 3 orc warriors, 3 ogres and 3 orcs.

Vanquished Creatures
  Gastronok (Orc:1)
  A stone giant (Orc:1)
  Harold (D:7)
  3 catoblepae (Lair:6)
  3 hydras
  Fannar (Orc:1)
  A centaur warrior (D:12)
  2 two-headed ogres (D:10)
  10 death yaks
  4 orc high priests
  Pikel (D:6)
  4 orc knights
  2 manticores
  4 orc sorcerers (Orc:2)
  2 ugly things
  3 cyclopes
  6 elephants
  6 black mambas
  2 rime drakes
  15 spiny frogs
  7 komodo dragons
  2 trolls
  A polar bear (Lair:6)
  3 meliai (Lair:5)
  A queen bee (Lair:5)
  5 hornets
  8 hippogriffs
  16 blink frogs
  A dream sheep (Lair:4)
  A meliai zombie (D:10)
  13 spriggans
  57 yaks
  A basilisk (Lair:6)
  3 hungry ghosts
  4 vampire mosquitoes (D:12)
  Menkaure (D:6)
  6 wargs
  11 water moccasins
  9 porcupines
  13 orc warriors
  An ice beast (D:9)
  A slave (D:6)
  6 ogres
  2 phantoms
  14 wolves
  2 necrophages
  3 boggarts (Lair:4)
  9 centaurs
  6 crocodiles
  4 big kobolds
  A gnoll sergeant (D:9)
  12 bullfrogs
  A wyvern skeleton (D:11)
  A scorpion (D:8)
  26 killer bees
  An electric eel (Lair:2)
  5 wights (D:10)
  3 howler monkeys (D:12)
  5 crimson imps
  A quasit (D:8)
  2 bullfrog zombies
  2 hounds
  9 orc priests
  A bullfrog skeleton (D:4)
  A gnoll shaman (D:5)
  3 jellies
  6 iguanas
  9 orc wizards
  5 worker ants
  A hound skeleton (D:4)
  A hound zombie (D:5)
  2 worker ant zombies
  4 gnolls (D:9)
  A howler monkey skeleton (D:10)
  20 adders
  2 oozes (D:3)
  2 adder skeletons
  4 worms
  3 dart slugs
  8 leopard geckos
  49 orcs
  11 giant cockroaches
  6 hobgoblins
  6 jackals
  7 quokkas
  2 bats
  9 frilled lizards
  A giant cockroach zombie (D:5)
  6 goblins
  21 kobolds
  A leopard gecko skeleton (D:5)
  A quokka skeleton (D:9)
  12 rats
557 creatures vanquished.

Vanquished Creatures (collateral kills)
  2 death yaks (Lair:6)
  A black mamba (Lair:3)
  7 yaks
  A redback (Lair:4)
  A basilisk (Lair:4)
  3 wolves
  A bullfrog (Lair:4)
  4 killer bees (Lair:5)
  An orc priest (Orc:1)
  An adder (Lair:3)
  An orc (D:12)
  A fungus (Lair:4)
24 creatures vanquished.

Vanquished Creatures (others)
  A crimson imp (D:6)
  15 fungi
  12 plants
28 creatures vanquished.

Grand Total: 609 creatures vanquished

Notes
Turn   | Place    | Note
-------+----------+-------------------------------------------
     0 | D:1      | AlterAsc the Octopode Transmuter began the quest for the
                  | Orb.
     0 | D:1      | Reached XP level 1. HP: 13/13 MP: 3/3
    99 | D:1      | Reached XP level 2. HP: 17/18 MP: 3/5
   118 | D:1      | Found a shattered altar of Ashenzari.
   234 | D:1      | Became a worshipper of Ashenzari the Shackled
   449 | D:1      | Reached XP level 3. HP: 23/23 MP: 4/6
  1170 | D:2      | Found a runed translucent door.
  1174 | D:2      | Learned a level 2 spell: Sticks to Snakes
  1178 | D:2      | Learned a level 3 spell: Spider Form
  1178 | D:2      | Noticed Crazy Yiuf
  1669 | D:3      | Reached XP level 4. HP: 22/28 MP: 7/7
  2149 | D:3      | Reached XP level 5. HP: 30/33 MP: 5/9
  3148 | D:4      | Reached skill level 5 in Transmutations
  3148 | D:4      | Reached XP level 6. HP: 38/38 MP: 7/11
  3157 | D:4      | Learned a level 4 spell: Ice Form
  3161 | D:4      | Found a glowing silver altar of Zin.
  3161 | D:4      | Found an iron altar of Okawaru.
  3161 | D:4      | Found an ornate altar of the Wu Jian Council.
  3527 | D:4      | Reached skill level 1 in Ice Magic
  3610 | D:4      | Identified the cursed +1 war axe "Deejekh" {chop, *Corrode
                  | MR+ Str+7 Int+4}
  3942 | D:4      | Reached XP level 7. HP: 39/43 MP: 8/12
  3993 | D:5      | Entered Level 5 of the Dungeon
  4192 | D:5      | Found a snail-covered altar of Cheibriados.
  4214 | D:5      | Reached * piety under Ashenzari
  4371 | D:5      | Found a stormy altar of Qazlal.
  4502 | D:6      | Found a staircase to the Ecumenical Temple.
  4859 | D:6      | Noticed Menkaure
  4864 | D:6      | Killed Menkaure
  4864 | D:6      | Reached skill level 4 in Unarmed Combat
  4864 | D:6      | Reached XP level 8. HP: 50/50 MP: 11/14
  5106 | D:6      | Found a sacrificial altar of Ru.
  5345 | D:6      | Noticed Pikel
  5359 | D:6      | Killed Pikel
  5359 | D:6      | Reached skill level 5 in Unarmed Combat
  5359 | D:6      | Reached skill level 5 in Spellcasting
  5359 | D:6      | Reached XP level 9. HP: 34/57 MP: 12/16
  5618 | D:7      | Found a shimmering altar of Xom.
  5618 | D:7      | Found a burning altar of Makhleb.
  5661 | D:7      | Found a sparkling altar of Nemelex Xobeh.
  5753 | D:7      | Noticed Harold
  5764 | D:7      | Killed Harold
  5764 | D:7      | Reached skill level 7 in Unarmed Combat
  5961 | D:7      | Reached skill level 5 in Fighting
  5990 | D:7      | Noticed Prince Ribbit
  6034 | D:7      | Found an opulent altar of Gozag.
  6093 | D:7      | Learned a level 3 spell: Ozocubu's Armour
  6135 | D:7      | Found a shadowy altar of Dithmenos.
  6224 | D:7      | Reached skill level 8 in Unarmed Combat
  6563 | D:8      | Reached ** piety under Ashenzari
  7136 | D:9      | Reached skill level 1 in Evocations
  7155 | D:9      | Reached XP level 10. HP: 68/68 MP: 13/17
  7158 | D:9      | Reached skill level 9 in Unarmed Combat
  7417 | D:9      | Found a white marble altar of Elyvilon.
  7455 | D:9      | Reached skill level 10 in Unarmed Combat
  8077 | D:10     | Entered Level 10 of the Dungeon
  8223 | D:10     | Found a staircase to the Lair.
  8374 | D:10     | Reached XP level 11. HP: 75/75 MP: 12/18
  8383 | D:10     | Noticed a two-headed ogre
  8703 | D:10     | Reached skill level 5 in Evocations
  8909 | D:10     | Killed a two-headed ogre
  8909 | D:10     | Reached skill level 11 in Unarmed Combat
  9094 | D:10     | Found Luineral's General Store.
  9299 | D:10     | Found a large runed translucent door.
  9300 | D:10     | Found a large runed translucent door.
  9301 | D:10     | Noticed Emblim88's ghost (journeyman SpEn)
  9316 | D:10     | Noticed a two-headed ogre
  9322 | D:10     | Killed a two-headed ogre
  9497 | D:11     | Noticed a white ugly thing
  9506 | D:11     | Killed a white ugly thing
  9506 | D:11     | Reached skill level 5 in Ice Magic
  9512 | D:11     | Learned a level 4 spell: Summon Ice Beast
  9512 | D:11     | Noticed a cyclops
  9521 | D:11     | Killed a cyclops
 10327 | Lair:1   | Entered Level 1 of the Lair of Beasts
 10424 | Lair:1   | Reached skill level 1 in Summonings
 10512 | Lair:1   | Found a transporter.
 10513 | Lair:1   | Found a transporter.
 10513 | Lair:1   | Noticed Fv001's ghost (journeyman DsFi)
 10579 | Lair:1   | Reached *** piety under Ashenzari
 10784 | Lair:1   | Reached skill level 12 in Unarmed Combat
 11274 | Lair:2   | Reached XP level 12. HP: 83/84 MP: 12/19
 11373 | Lair:2   | Noticed an eight-headed hydra
 11956 | Lair:2   | Killed an eight-headed hydra
 12793 | Lair:2   | Reached skill level 13 in Unarmed Combat
 13623 | Lair:3   | Reached **** piety under Ashenzari
 13829 | Lair:3   | Reached skill level 10 in Fighting
 14464 | Lair:4   | Reached skill level 14 in Unarmed Combat
 14499 | Lair:4   | Reached XP level 13. HP: 92/92 MP: 6/20
 15658 | Lair:4   | Found a staircase to the Swamp.
 15680 | Lair:4   | Found a hole to the Spider Nest.
 16199 | Lair:4   | Reached skill level 15 in Unarmed Combat
 19074 | Lair:6   | Entered Level 6 of the Lair of Beasts
 19865 | Lair:6   | Reached XP level 14. HP: 91/102 MP: 14/21
 19891 | Lair:6   | Found a runed translucent gate.
 19892 | Lair:6   | Found a runed translucent gate.
 19893 | Lair:6   | Found a runed translucent gate.
 19895 | Lair:6   | Noticed Linguinho's ghost (journeyman TrFi)
 19896 | Lair:6   | Identified the ring of Xom's Passing Interest {Str+3 SInv}
 20003 | Lair:6   | Reached ***** piety under Ashenzari
 20070 | Lair:6   | Reached skill level 16 in Unarmed Combat
 21478 | Lair:6   | Found a viscous altar of Jiyva.
 21479 | Lair:6   | Found a staircase to the Slime Pits.
 21686 | Lair:6   | Reached skill level 5 in Dodging
 23272 | D:12     | Reached skill level 17 in Unarmed Combat
 23328 | D:12     | Found a staircase to the Orcish Mines.
 24243 | Orc:1    | Entered Level 1 of the Orcish Mines
 24243 | Orc:1    | Noticed a stone giant
 24258 | Orc:1    | Killed a stone giant
 24258 | Orc:1    | Reached skill level 1 in Stealth
 24275 | Orc:1    | Noticed Gastronok
 24298 | Orc:1    | Killed Gastronok
 24493 | Orc:1    | Noticed Fannar
 24512 | Orc:1    | Killed Fannar
 24613 | Orc:1    | Found a roughly hewn altar of Beogh.
 24767 | Orc:2    | Entered Level 2 of the Orcish Mines
 24767 | Orc:2    | Found a staircase to the Elven Halls.
 24767 | Orc:2    | Noticed an orc warlord
 24882 | Orc:2    | Reached XP level 15. HP: 96/109 MP: 15/22
 25969 | Orc:2    | HP: 2/130 [orc warrior/+0 glaive[an orc warlord] (25)]
 25970 | Orc:2    | Shot with a bolt by an orc warlord

Levels and vault maps discovered:
D:1:      nicolae_arrival_somewhat_less_tricky_arrival, layout_loops_ring,
          nicolae_ashenzari_panopticon
D:2:      layout_loops_ring, first_ration, uniq_crazy_yiuf_cottage
D:3:      layout_rooms
D:4:      layout_loops_corners, gammafunk_temple_overflow_claw
D:5:      layout_gridville, lemuel_doored_altar, lemuel_round_altar,
          minmay_chambers_of_fives
D:6:      layout_basic, minmay_temple_entry_overgrown,
          nicolae_ru_sacrificial_ziggurat, uniq_pikel, uniq_menkaure
D:7:      layout_rooms, grunt_temple_overflow_champion_of_chaos,
          nemelex_xobeh_ov_fountains_minmay, basic_altar, the_bakery,
          grunt_gozag_breadcrumbs, uniq_prince_ribbit1, uniq_harold
D:8:      layout_basic
D:9:      layout_basic, kennysheep_mini
D:10:     layout_irregular_city, david_lair_shrubbed,
          ebering_ghost_disaster_area, serial_shops,
          nicolae_shop_window_shopping
D:11:     layout_small_grid, minmay_statues_item, hangedman_corner_corridor
D:12:     layout_loops_ring, erik_orc_4, gauntlet_entry_generic
Lair:1:   layout_long_grid, gammafunk_ghost_arena
Lair:2:   statuecave_lemuel, layout_regular_city, grunt_megastairs_1
Lair:3:   minmay_lair_venomous_thicket, layout_regular_city, grunt_megastairs_3
Lair:4:   kb_forest_paths, layout_gridlike, swamp_mist_pool,
          spider_nest_entry_a, wad_woods_road_05
Lair:5:   layout_roguey [special_room_bee], infiniplex_staircase_pool_2,
          minmay_lair_oklob_chamber
Lair:6:   evilmike_catoblepas_cave, layout_long_grid,
          dpeg_slime_entry_enclosed_altar, gammafunk_ghost_necromancy,
          small_statue_intersection
Orc:1:    layout_caves, basic_altar, bloody_trog, uniq_gastronok, uniq_fannar,
          uniq_sonja
Orc:2:    grunt_orc_tribal_feast, layout_diamond_mine

Skill      XL: |  1  2  3  4  5  6  7  8  9 10 11 12 13 14 15 |
---------------+----------------------------------------------+-----
Transmutations | 3 4 5 6 7 |  7.0
Spellcasting   | 3 4 5 |  5.2
Ice Magic      | 1 2 3 5 |  5.8
Fighting       | 2 3 5 7 8 10 11 12 | 12.9
Unarmed Combat | 4 5 8 10 12 14 15 17 | 17.5
Evocations     | 1 4 6 |  6.0
Summonings     | 2 3 |  3.0
Dodging        | 3 6 7 |  7.0
Stealth        | 2 3 |  3.4
Charms         | |  0.9

Action                   |  1- 3 |  4- 6 |  7- 9 | 10-12 | 13-15 || total
-------------------------+-------+-------+-------+-------+-------++-------
Melee: Unarmed           |    82 |   113 |   203 |   525 |   731 ||  1654
       Constrict         |    27 |    12 |     1 |     2 |     1 ||    43
       Kick              |    25 |     1 |       |       |       ||    26
       Tentacles         |    13 |     5 |     1 |     2 |     2 ||    23
       Punch             |     1 |     3 |       |       |     1 ||     5
Throw: Dart              |     8 |    50 |     2 |     1 |     3 ||    64
 Cast: Beastly Appendage |    27 |     3 |       |       |     3 ||    33
       Spider Form       |       |    12 |     3 |       |       ||    15
       Ice Form          |       |       |    25 |    62 |    80 ||   167
       Sticks to Snakes  |       |       |     4 |       |       ||     4
       Ozocubu's Armour  |       |       |     1 |    69 |    95 ||   165
       Summon Ice Beast  |       |       |       |    17 |    54 ||    71
Invok: Curse Item        |       |       |       |     5 |     2 ||     7
 Abil: End Transformatio |       |       |       |     2 |     5 ||     7
Evoke: Wand              |       |       |       |    11 |       ||    11
  Use: Scroll            |       |       |     4 |     5 |     8 ||    17
       Potion            |       |       |       |     4 |     1 ||     5
 Stab: Sleeping          |     6 |       |       |     1 |     1 ||     8
       Distracted        |       |       |     2 |       |     2 ||     4
  Eat: Chunk             |     3 |     8 |     8 |    31 |    50 ||   100
       Ration            |       |       |     3 |     4 |     4 ||    11
Armor: Skin              |     3 |     4 |    36 |   114 |   163 ||   320
Dodge: Dodged            |    43 |    73 |   103 |   284 |   515 ||  1018
